cohdb
Replays
Latest Replays
All Replays
Popular Replays
Top Player Replays
Match Explorer
How It Works
Community
CoH3 Stats
Reddit
Sign in to upload your games and track your stats! →
Sign in with Steam
Match 45435391
Unlisted
Match 45435391
Overview
Messages
Build Orders
End
Construct Barracks
Selects Armored Battlegroup
Selects Assault Engineers
Assault Engineer Squad
Riflemen Squad
Riflemen Squad
Construct Weapon Support Center
M1919 Machine Gun Team
Construct Medical Station
Grenade Package
Selects Strength in Steel
M1919 Machine Gun Team
Air Support Center
M1919 Machine Gun Team
Improved Aircraft Armor
Bazooka Squad
P-47 Dive Bomb
Riflemen Squad
Selects M8 Scott SPG
P-47 Strafing Run
Air Supply
Construct Motor Pool
P-47 Dive Bomb
P-47 Strafing Run
M8 Scott SPG
P-47 Dive Bomb
P-47 Strafing Run
Assault Engineer Squad
P-47 Dive Bomb
Assault Engineer Squad
Selects M31 Recovery Vehicle
P-47 Strafing Run
Improved M9 Bazooka Rockets
Double Sortie
P-47 Strafing Run
P-47 Dive Bomb
P-47 Strafing Run
M24 Chaffee Light Tank
Grasshopper Recon Run
P-47 Dive Bomb
P-47 Strafing Run
Bazooka Squad
P-47 Dive Bomb
M24 Chaffee Light Tank
P-47 Dive Bomb
P-47 Strafing Run
Grasshopper Recon Run
Advanced Air Reconnaissance
Selects M4A3E8 Sherman Combat Group
P-47 Strafing Run
P-47 Dive Bomb
P-47 Strafing Run
M4A3E8 Sherman Combat Group
P-47 Dive Bomb
BearFungus
NOIRAZAN
0
0
Comments
sign in to comment!
No comments posted yet!